 Dungeon Crawl Stone Soup version 0.27-a0-972-gd1521fd518 (webtiles) character file.

Game seed: 8366347284690953450

42 robertstho the Skirmisher (level 3, 0/51 HPs)
             Began as a Minotaur Berserker on Apr 13, 2021.
             Was a Believer of Trog.
             Slain by an adder (1 damage)
             ... on level 2 of the Dungeon.
             The game lasted 00:01:52 (943 turns).

robertstho the Skirmisher (Minotaur Berserker)       Turns: 943, Time: 00:01:53

Health: 0/51       AC:  2    Str: 27    XL:     3   Next: 35%
Magic:  2/2        EV: 12    Int:  5    God:    Trog [**....]
Gold:   31         SH:  0    Dex:  9    Spells: 2/2 levels left

rFire    . . .     SeeInvis .   a - +0 hand axe
rCold    . . .     Faith    .   (no shield)
rNeg     . . .     Spirit   .   b - +0 animal skin
rPois    .         Reflect  .   (helmet restricted)
rElec    .         Harm     .   (no cloak)
rCorr    .         Rampage  .   (no gloves)
Will     .....                  (no boots)
Stlth    ..........             (no amulet)
HPRegen  0.17/turn              d - +6 ring of strength
MPRegen  0.08/turn              (no ring)

@: berserking, lethally poisoned (0 -> -3), very quick
A: horns 2, retaliatory headbutt
a: Renounce Religion, Berserk, Trog's Hand


You were on level 2 of the Dungeon.
You worshipped Trog.
Trog was pleased with you.
You visited 1 branch of the dungeon, and saw 2 of its levels.

You collected 31 gold pieces.

Inventory:

Hand Weapons
 a - a +0 hand axe (weapon)
Missiles
 h - 8 curare-tipped darts
 i - a throwing net
Armour
 b - a +0 animal skin (worn)
Jewellery
 d - a +6 ring of strength (left hand)
Scrolls
 e - a scroll of fear {unknown}
 f - a scroll of teleportation {unknown}
 g - a scroll of immolation {unknown}
 k - a scroll of identify {unknown}
Potions
 c - 3 potions of curing {unknown}
 j - 2 potions of degeneration {unknown}


   Skills:
 * Level 4.4 Fighting
 + Level 4.2 Axes
 * Level 2.8 Armour
 + Level 2.4 Dodging
 + Level 0.2 Stealth


You had 2 spell levels left.
You didn't know any spells.
Your spell library was empty.

Dungeon Overview and Level Annotations

Branches:
Dungeon (2/15)

Altars:

Shops:
D:1 (*[*(

Annotations:
D:1 315 axe


Innate Abilities, Weirdness & Mutations

You have a pair of horns on your head.
You reflexively headbutt those who attack you in melee.


Message History

You are too injured to fight recklessly!
You are too injured to fight recklessly!
Unknown command.
A red film seems to cover your vision as you go berserk!
You feel yourself moving faster!
You feel mighty! The adder bites you. The hobgoblin hits you.
The kobold hits you with a +0 whip.
* * * LOW HITPOINT WARNING * * *
You barely miss the kobold. You closely miss the adder. You hit the hobgoblin.
You kill the hobgoblin!
Trog accepts your kill. The adder bites you.
* * * LOW HITPOINT WARNING * * *
You are poisoned.
The adder poisons you!
You closely miss the adder. Your headbutt misses the adder.
The adder is almost dead.
You hit the kobold.
You kill the kobold!
Trog accepts your kill.
You feel sick. The adder bites you.
* * * LOW HITPOINT WARNING * * *
You are lethally poisoned!
The adder poisons you!
You barely miss the adder.
The adder is almost dead.
* * * LOW HITPOINT WARNING * * *
You feel sick. The adder barely misses you.
You miss the adder.
The adder is almost dead.
* * * LOW HITPOINT WARNING * * *
You feel sick. The adder closely misses you.
You barely miss the adder.
The adder is almost dead.
* * * LOW HITPOINT WARNING * * *
You feel sick. The adder completely misses you.
You barely miss the adder.
The adder is almost dead.
* * * LOW HITPOINT WARNING * * *
You feel sick. The adder bites you.
You die...

#............
#............
#............
#............
#......(.....
#............
#....)†......
#....@S......
#............
#............
###..#.####.###
#....#.# .#
#.#.##.####.#
#...........#
#...........#
#...........


You could see an adder.

Vanquished Creatures
  An adder (D:2)
  A dart slug (D:1)
  4 endoplasms (D:1)
  A giant cockroach (D:1)
  4 goblins
  2 hobgoblins
  3 jackals (D:1)
  4 kobolds
  A quokka (D:1)
  2 ball pythons (D:1)
  3 bats (D:1)
  2 frilled lizards (D:1)
  A rat (D:1)
29 creatures vanquished.

Vanquished Creatures (others)
  3 plants (D:1)
3 creatures vanquished.

Grand Total: 32 creatures vanquished

Notes
Turn   | Place    | Note
-------+----------+-------------------------------------------
     0 | D:1      | robertstho the Minotaur Berserker began the quest for the
                  | Orb.
     0 | D:1      | Reached XP level 1. HP: 19/19 MP: 0/0
   130 | D:1      | Found Zety's Weapon Boutique.
   287 | D:1      | Found a faded altar of an unknown god.
   298 | D:1      | Found Tenwaah's Assorted Antiques.
   339 | D:1      | Reached XP level 2. HP: 27/27 MP: 1/1
   404 | D:1      | Found Unijuch's Antique Weapon Emporium.
   405 | D:1      | Found Bivvyof's Assorted Antiques.
   411 | D:1      | Found Yhimmoudd's Armour Shop.
   563 | D:1      | Reached ** piety under Trog
   625 | D:1      | Reached XP level 3. HP: 33/33 MP: 2/2
   942 | D:2      | HP: 2/51 [poisoned by an adder]
   943 | D:2      | Slain by an adder

Illustrated notes

Levels and vault maps discovered:
D:1:      sevenhm_arrival_forest_fort_small_5, layout_basic,
          chequers_ecumenical_altar_simple, serial_shops, shop, shop,
          shop_statue, shop_statue, nicolae_shop_overgrown_old_shop,
          kennysheep_boxes
D:2:      layout_basic, minmay_pentomino_x2, uniq_terence, uniq_sigmund

Skill      XL: |  1  2 |
---------------+-------+-----
Fighting       | 4 |  4.4
Axes           | 4 |  4.2
Armour         | |  2.8
Dodging        | |  2.4
Stealth        | |  0.2

Action                   || total
-------------------------++-------
Melee: Hand axe          ||    51
       Headbutt          ||     6
Invok: Berserk           ||     1
 Stab: Sleeping          ||     1
Armor: Animal skin       ||    10
Dodge: Dodged            ||    33

Table legend: (Time is in decaauts)
 A = Elapsed time spent in this place.
 B = Non-inter-level travel time spent in this place.
 C = Inter-level travel time spent in this place.
 D = Time resting spent in this place.
 E = Time spent auto-exploring this place.
 F = Levels seen in this place.
 G = Mean time per level.
                   A        B        C        D        E       F      G
               +--------+--------+--------+--------+--------+-----+--------+
         Total |    948 |    943 |      5 |      0 |    812 |   2 |  474.0 |
       Dungeon |    948 |    943 |      5 |      0 |    812 |   2 |  474.0 |
               +--------+--------+--------+--------+--------+-----+--------+

Top non-repeatable levels by time:
     D:1: 887 daAuts
     D:2: 60 daAuts
